[Event "Early-Titled-Tuesday-Blitz-March-12-2024"]
[Site "Chess.com"]
[Date "2024.03.12"]
[Round "5"]
[White "laziestwin"]
[Black "GMKrikor"]
[Result "1/2-1/2"]
[WhiteElo "2585"]
[BlackElo "2870"]
[TimeControl "180+1"]
[EndTime "8:56:01 PDT"]
[Termination "Game drawn by agreement"]

1. d4 Nf6 2. c4 g6 3. g3 c6 4. Nf3 d5 5. cxd5 cxd5 6. Bg2 Bg7 7. O-O O-O 8. Nc3 Ne4 9. Bf4 Nc6 10. Ne5 Nxc3 11. bxc3 Nxe5 12. Bxe5 Bxe5 13. dxe5 Be6 14. Rb1 Qc7 15. Qd4 b6 16. c4 dxc4 17. Bxa8 Rxa8 18. Rfd1 Rc8 19. Rbc1 Kg7 20. f4 b5 21. e4 Qc5 22.
Qxc5 Rxc5 23. Kf2 b4 24. Ke3 c3 25. Rc2 b3 26. axb3 Bxb3 27. Rdc1 Bxc2 28. Rxc2 f6 29. Kd4 Rc8 30. exf6+ Kxf6 31. Rxc3 Rxc3 32. Kxc3 e5 33. Kc4 exf4 34. gxf4 g5 35. fxg5+ Kxg5 36. Kd5 a5 37. e5 a4 38. e6 a3 39. e7 a2 40. e8=Q a1=Q 41. Qg8+ Kh6 42. Qe6+ Kh5 43. Qh3+ Kg6 44. Qg4+ Kf6 45. Qh4+ Kg6 46. Qg3+ Kf6 47. Ke4 Qa4+ 48. Kf3 Qb3+ 49. Kg4 Qe6+ 50. Kf3 Qf5+ 51. Kg2 Qg5 52. Qxg5+ Kxg5 53. Kg3 h5 54. h4+ 1/2-1/2

[Event "Early-Titled-Tuesday-Blitz-March-12-2024"]
[Site "Chess.com"]
[Date "2024.03.12"]
[Round "5"]
[White "Alenzer"]
[Black "Kostukov_Alex"]
[Result "0-1"]
[WhiteElo "2151"]
[BlackElo "2337"]
[TimeControl "180+1"]
[EndTime "8:56:02 PDT"]
[Termination "Kostukov_Alex won by resignation"]

1. e4 c5 2. Nf3 g6 3. d4 cxd4 4. Nxd4 Bg7 5. c4 Nc6 6. Nc2 Nf6 7. Nc3 O-O 8. Be2 d6 9. O-O Bd7 10. Be3 a6 11. f3 Rc8 12. Nd5 Nxd5 13. exd5 Ne5 14. b3 Be8 15. Bd4 Nd7 16. Bxg7 Kxg7 17.
Kh1 Nf6 18. Nd4 Qa5 19. Qe1 Qxe1 20. Rfxe1 Bd7 21. Bd3 Rfe8 22. Re2 e5 23. dxe6 fxe6 24. Rae1 e5 25. Nc2 b5 26. cxb5 Bxb5 27. Bxb5 axb5 28.
Ne3 Kf7 29. g4 e4 30. f4 Rc5 31. g5 Nh5 32. Ng4 d5 33. Rf1 Ke6 34. Ne3 Ng7 35.
Nc2 Nf5 36. Ne3 Nxe3 37. Rxe3 Kf5 38. Ree1 d4 39. Kg2 Rc2+ 40. Rf2 Rec8 41. Ree2 d3 42. Rd2 Rxd2 43. Rxd2 Rc2 44. Rf2 Rxf2+ 45. Kxf2 Kxf4 46. h4 e3+ 47. Ke1 b4 48. Kd1 Kf3 49. Ke1 d2+ 50.
Kd1 Kf2 51. a4 e2+ 52. Kxd2 e1=Q+ 53. Kd3 Qc3+ 0-1

[Event "Early-Titled-Tuesday-Blitz-March-12-2024"]
[Site "Chess.com"]
[Date "2024.03.12"]
[Round "5"]
[White "Rud_Makarian"]
[Black "Firouzja2003"]
[Result "0-1"]
[WhiteElo "3011"]
[BlackElo "3152"]
[TimeControl "180+1"]
[EndTime "8:56:06 PDT"]
[Termination "Firouzja2003 won by resignation"]

1. c4 e6 2. Nc3 d5 3. d4 Bb4 4. Nf3 dxc4 5. Qa4+ Nc6 6. a3 Bxc3+ 7. bxc3 Qd5 8. g3 e5 9. dxe5 Bd7 10. Bg2 Nxe5 11.
Nxe5 Qxe5 12. Qxc4 Bb5 13. Bf4 Qh5 14. Qe4+ Ne7 15.
Qe5 Qxe5 16. Bxe5 f6 17. Bxc7 Rc8 18. Bd6 Bc6 19. Bxc6+ Rxc6 20. Bxe7 Kxe7 21. Rc1 Rhc8 22. Kd2 Ra6 23. Rb1 b6 24. Rb3 Rc5 25. Kc2 Ra4 26.
Rd1 g5 27. h3 Re5 28. e3 Rf5 29. Rd2 h5 30. Kb2 Raa5 31. Rb4 Rad5 32. Re4+ Kf7 33.
Red4 Rde5 34. Rd7+ Re7 35. Rxe7+ Kxe7 36. Kb3 Rf3 37. Kc4 h4 38. gxh4 gxh4 39. Rd4 Rxh3 40.
Rf4 Rh1 41. Kb5 h3 42. Ka6 Ra1 43. Rh4 Rxa3+ 44. Kb7 Rxc3 45. Kxa7 Rc2 46. Rxh3 Rxf2 47. Kxb6 Ke6 48. Kc5 Ke5 49. Kc4 Ke4 50. Kc3 f5 51. Kc4 Re2 52. Rh4+ Kxe3 53. Kd5 f4 54. Rh3+ f3 55. Ke5 Ra2 0-1

[Event "Early-Titled-Tuesday-Blitz-March-12-2024"]
[Site "Chess.com"]
[Date "2024.03.12"]
[Round "5"]
[White "kushagramohan"]
[Black "StankovicIvan"]
[Result "1-0"]
[WhiteElo "2776"]
[BlackElo "2539"]
[TimeControl "180+1"]
[EndTime "8:56:07 PDT"]
[Termination "kushagramohan won on time"]

1. e4 c5 2. Nf3 Nc6 3. d4 cxd4 4. Nxd4 g6 5. c4 Bg7 6. Be3 Qb6 7. Nb3 Qc7 8. Qd2 Nf6 9. Nc3 O-O 10. f3 d6 11. h4 a5 12. Na4 Nd7 13. h5 b6 14.
Bh6 Nf6 15. g4 Ne5 16. Be2 Nxc4 17. Qc1 Ba6 18. hxg6 fxg6 19. Bxg7 Kxg7 20. Qh6+ Kg8 21. g5 Nh5 22. Rxh5 gxh5 23. g6 e5 24. Kf2 Qg7 25. gxh7+ Kh8 26. Qe6 b5 27. Nc3 Qa7+ 28. Kg2 Ne3+ 29. Kh1 b4 30. Rg1 bxc3 31. Bxa6 cxb2 32.
Bd3 Ng4 33. fxg4 Qe3 34. gxh5 Qf3+ 35. Kh2 Qf2+ 36. Rg2 Qf4+ 37. Kh1 Qh4+ 38. Kg1 Qe1+ 39. Kh2 Qh4+ 40. Kg1 Qe1+ 41. Kh2 Qh4+ 42. Qh3 Qxh3+ 43. Kxh3 Rf3+ 44. Rg3 Rxg3+ 45. Kxg3 a4 46. Nd2 a3 47. Kf3 Rc8 48. Ke3 Rc1 49. Bb1 Kxh7 50. Kd3 Kh6 51. Bc2 Kxh5 52. Nb1 Rg1 53. Kc3 Rg3+ 54. Kb4 Rg2 55.
Kb3 Kg5 56. Nxa3 Kf4 57. Kxb2 1-0

[Event "Early-Titled-Tuesday-Blitz-March-12-2024"]
[Site "Chess.com"]
[Date "2024.03.12"]
[Round "5"]
[White "Zohid6"]
[Black "LeRoidesChampions"]
[Result "1/2-1/2"]
[WhiteElo "2892"]
[BlackElo "2627"]
[TimeControl "180+1"]
[EndTime "8:56:08 PDT"]
[Termination "Game drawn by repetition"]

1. e4 c5 2. Nf3 a6 3. c4 e6 4.
Nc3 Nc6 5. d4 cxd4 6. Nxd4 Qc7 7.
Be2 Nf6 8. O-O h5 9. h3 Nxd4 10. Qxd4 Bc5 11. Qd3 b6 12. Kh1 Ng4 13. f4 Nf2+ 14.
Rxf2 Bxf2 15. b4 Bb7 16. Bd2 h4 17. Rf1 Bg3 18. Be3 Rc8 19. Rd1 Bc6 20. b5 axb5 21. cxb5 Bb7 22. Na4 O-O 23. Nxb6 Rcd8 24. Rc1 Qb8 25.
Nxd7 Qa8 26. Bf3 Bc8 27. Rc7 Bxd7 28. Rxd7 Rxd7 29. Qxd7 Qxa2 30. Qd1 Qa3 31. Qg1 Rb8 32. b6 Qb2 33. e5 Qb4 34. b7 Bxf4 35. Bxf4 Qxf4 36.
Qc5 Qd2 37. Qc7 Qd8 38. Qc4 Qd7 39. Qxh4 Rxb7 40. Bxb7 Qxb7 41. Qd4 g6 42. Kh2 Kg7 43. Kg3 Qb3+ 44. Kh2 Qc2 45. Qf4 Qe2 46. h4 Qh5 47. Kh3 Qd1 48. g3 Qh1+ 49. Kg4 Qd1+ 50. Qf3 Qd4+ 51.
Qf4 Qd1+ 52. Qf3 Qd4+ 53. Qf4 Qd1+ 1/2-1/2

[Event "Early-Titled-Tuesday-Blitz-March-12-2024"]
[Site "Chess.com"]
[Date "2024.03.12"]
[Round "5"]
[White "bobo_panda"]
[Black "chess_blitz00"]
[Result "1-0"]
[WhiteElo "2302"]
[BlackElo "2454"]
[TimeControl "180+1"]
[EndTime "8:56:09 PDT"]
[Termination "bobo_panda won by resignation"]

1. e4 b6 2. d4 Bb7 3. Bd3 e6 4.
Qe2 c5 5. c3 d6 6. Nf3 Be7 7. O-O Nf6 8. Bf4 Nbd7 9. Nbd2 Nh5 10. Bg3 Nxg3 11. hxg3 Qc7 12. a4 a6 13. Ne1 O-O 14. f4 Bf6 15. Nef3 g6 16. g4 Rae8 17. g5 Bg7 18. e5 dxe5 19. dxe5 Rd8 20. Bxa6 Bxa6 21.
Qxa6 Nb8 22. Qe2 Nc6 23. Ne4 Ne7 24. Nh2 c4 25. Ng4 Nd5 26. Nef6+ Bxf6 27. gxf6 Qc5+ 28. Kh2 Rfe8 29. Kg3 Rc8 30. Nh6+ Kf8 31. Rf3 Red8 32. Rh1 Nc7 33. Qc2 Rd3 34. Rxd3 cxd3 35. Qxd3 Qd5 36. Rd1 Rd8 37. Qxd5 Rxd5 38. Rxd5 Nxd5 39. Kf3 Nc7 40. Ke4 Na6 41. b4 Nc7 42. Kd4 Nd5 43. g3 Ke8 44.
Ng4 h5 45. Nf2 Kd7 46. Ne4 Nc7 47. Ng5 Ke8 48. c4 Kd7 49. c5 bxc5+ 50. Kxc5 Nd5 51. b5 Nc3 52. a5 Kc7 53. b6+ Kb7 54. Nxf7 Ne4+ 55.
Kd4 Nxg3 56. Nd6+ Kc6 57. f7 Ne2+ 58. Ke3 Nc3 59. f8=Q Nd5+ 60. Kd4 1-0

[Event "Early-Titled-Tuesday-Blitz-March-12-2024"]
[Site "Chess.com"]
[Date "2024.03.12"]
[Round "5"]
[White "vasblesk"]
[Black "Rikikits"]
[Result "1-0"]
[WhiteElo "2751"]
[BlackElo "2866"]
[TimeControl "180+1"]
[EndTime "8:56:10 PDT"]
[Termination "vasblesk won on time"]

1. d4 Nf6 2. c4 c5 3. d5 b5 4.
cxb5 a6 5. e3 e6 6. Nc3 exd5 7.
Nxd5 Be7 8. Nxf6+ Bxf6 9. Qd5 Ra7 10. Qxc5 Rc7 11. Qb4 Be7 12. Qb3 axb5 13. Bxb5 Na6 14. Ne2 Nc5 15. Qd1 O-O 16. O-O Bb7 17. Bd2 Qa8 18. f3 Rb8 19. a4 Bd5 20. Nd4 Ne6 21. Bc3 Bc5 22. Kh1 Ra7 23. e4 Nxd4 24. Bxd4 Bxd4 25.
Qxd4 Rxb5 26. exd5 Rxd5 27. Qe4 Rda5 28. Qxa8+ Rxa8 29. b3 Rb8 30. Rab1 Kf8 31. Kg1 d5 32. Rfc1 Ke7 33.
Kf2 Kd6 34. Ke3 Ra7 35. Kd3 Rab7 36. Kc3 Rc7+ 37. Kb2 Rcb7 38. Ka3 d4 39. b4 Re7 40. b5 Kd5 41. Kb4 Re2 42. a5 Ra2 43. b6 d3 44. Rc5+ Kd4 45. Rc7 d2 46. Rd7+ Ke3 47.
Kb5 Rc2 48. a6 Rc1 49. Rb3+ Ke2 50. a7 Ra8 51. Rb2 Rd1 52. Ka6 Re8 53. Kb7 Ke1 54. a8=Q Rxa8 55. Kxa8 Ra1+ 56. Kb7 d1=Q 57. Rxd1+ Kxd1 58. Kc7 1-0

[Event "Early-Titled-Tuesday-Blitz-March-12-2024"]
[Site "Chess.com"]
[Date "2024.03.12"]
[Round "5"]
[White "Anton_Demchenko"]
[Black "Statham_01"]
[Result "1-0"]
[WhiteElo "3002"]
[BlackElo "2580"]
[TimeControl "180+1"]
[EndTime "8:56:11 PDT"]
[Termination "Anton_Demchenko won on time"]

1. e4 e5 2. Nf3 Nf6 3. Nxe5 Nc6 4. Nxc6 dxc6 5. d3 Bc5 6. Be2 h5 7. h3 Qd4 8. Rf1 Be6 9. Nc3 O-O 10. Be3 Qb4 11. a3 Qb6 12. Na4 Qa5+ 13. b4 Qxa4 14. Bxc5 Rfe8 15. c4 Qa6 16. Be3 Rad8 17. Qc2 b6 18. f3 Qc8 19. g4 b5 20. cxb5 cxb5 21. Rc1 Rd7 22. Kf2 hxg4 23. hxg4 Qa6 24. Qc3 Rd6 25.
Rh1 Bxg4 26. fxg4 Rxe4 27. Bc5 Nxg4+ 28. Ke1 Rxe2+ 29. Kxe2 Re6+ 30. Kd2 Qc6 31. Rcg1 Qf3 32. Kc2 Re2+ 33. Kb1 Qd5 34. Re1 Qa2+ 35. Kc1 Nf2 36. Rxe2 Qxe2 37. Rg1 Nxd3+ 38. Kb1 Nf4 39. Rc1 Ne6 40.
Qc2 Qf3 41. Bxa7 Qb7 42. Bc5 Qd5 43. Kb2 g6 44. Qc3 Qg2+ 45. Rc2 Qe4 46. Rh2 f6 47. Rd2 Nf4 48. Rd8+ 1-0

[Event "Early-Titled-Tuesday-Blitz-March-12-2024"]
[Site "Chess.com"]
[Date "2024.03.12"]
[Round "5"]
[White "mikheeva86"]
[Black "nelsi"]
[Result "1/2-1/2"]
[WhiteElo "2197"]
[BlackElo "2428"]
[TimeControl "180+1"]
[EndTime "8:56:11 PDT"]
[Termination "Game drawn - insufficient material"]

1. e4 e5 2. Nf3 Nc6 3. Bc4 Nf6 4. d3 d5 5. exd5 Nxd5 6. h3 Bc5 7. O-O O-O 8. Re1 Re8 9. Nbd2 Nf6 10. a4 a6 11.
Nf1 Be6 12. Bxe6 Rxe6 13. Be3 Bxe3 14. Nxe3 Nd5 15. Nxd5 Qxd5 16. Re3 Rd8 17. Qe2 Nd4 18. Nxd4 Qxd4 19. c3 Qd6 20. Re1 f6 21. a5 Kf7 22.
Qh5+ Kg8 23. Rg3 g6 24. Qh6 Qf8 25. Qd2 Red6 26. Ree3 Qe8 27. h4 Qb5 28. h5 g5 29.
b4 Qe8 30. Qe2 h6 31. Qg4 Qe6 32. Qxe6+ Rxe6 33. Rgf3 Kf7 34. g4 Ke7 35. Kg2 Red6 36. Kg3 b6 37. axb6 cxb6 38. Kg2 a5 39. bxa5 bxa5 40.
d4 Re6 41. dxe5 Rxe5 42. Rxe5+ fxe5 43. c4 a4 44. Ra3 Ra8 45. Kf3 Kd6 46. Ke4 Kc5 47.
Kxe5 Kxc4 48. f4 gxf4 49. Kxf4 Kb4 50. Ra1 Kb3 51. g5 Kb2 52. Rh1 hxg5+ 53. Kxg5 a3 54. h6 a2 55. h7 a1=Q 56. Rxa1 Kxa1 57. Kg6 Kb2 58. Kg7 Kc3 59. h8=Q Rxh8 60. Kxh8 1/2-1/2

[Event "Early-Titled-Tuesday-Blitz-March-12-2024"]
[Site "Chess.com"]
[Date "2024.03.12"]
[Round "5"]
[White "PLAYER_2006_M"]
[Black "Blitzstream"]
[Result "1-0"]
[WhiteElo "2992"]
[BlackElo "2804"]
[TimeControl "180+1"]
[EndTime "8:56:12 PDT"]
[Termination "PLAYER_2006_M won on time"]

1. e4 d5 2. exd5 Qxd5 3. Nc3 Qa5 4. d4 Nf6 5. Nf3 c6 6. Ne5 Be6 7. Nc4 Bxc4 8. Bxc4 e6 9. O-O Bd6 10. Qe2 O-O 11. Ne4 Nxe4 12. Qxe4 Nd7 13. c3 Rfe8 14. Qf3 Nf6 15. g3 Qf5 16. Qxf5 exf5 17. Kg2 g6 18. Be3 Kg7 19. Rae1 a5 20. a4 Re7 21.
Bc1 Rae8 22. Rxe7 Rxe7 23. f3 h6 24. Kf2 f4 25. g4 g5 26. Re1 Rxe1 27. Kxe1 Nd5 28.
Ke2 f5 29. gxf5 Kf6 30. Bd3 Ne3 31. Be4 Nxf5 32. Bd2 Ne3 33. b4 Nc4 34. Be1 Bc7 35. d5 cxd5 36. Bxd5 Nd6 37. c4 axb4 38. c5 Nf5 39. Bxb4 b6 40. cxb6 Bxb6 41. a5 Ba7 42. a6 Nd4+ 43. Kd3 Ke5 44. Bb7 Ne6 45. h3 h5 46. Bc3+ Kd6 47. Bf6 Nc5+ 48. Kc4 Ne6 49.
Bd5 Nc7 50. Bb7 Ne6 51. Bc8 g4 52. hxg4 hxg4 53. fxg4 f3 54. Bb7 f2 55. Bg2 Nc7 56. g5 Ke6 57. Bd8 Nxa6 58. g6 Nb8 59.
Bh3+ Kd6 60. g7 1-0

[Event "Early-Titled-Tuesday-Blitz-March-12-2024"]
[Site "Chess.com"]
[Date "2024.03.12"]
[Round "5"]
[White "Airquake"]
[Black "ChessLover0108"]
[Result "0-1"]
[WhiteElo "2654"]
[BlackElo "2944"]
[TimeControl "180+1"]
[EndTime "8:56:12 PDT"]
[Termination "ChessLover0108 won on time"]

1. b3 c5 2. Bb2 Nc6 3. Nf3 d5 4. e3 b6 5. d4 Bb7 6. dxc5 bxc5 7. Bb5 a6 8. Ba4 e6 9. Ne5 Qc7 10. O-O Rd8 11. Nd2 Nf6 12. c4 dxc4 13. Qf3 Rxd2 14. Nxc6 Rxb2 15. Ne5+ Ke7 16. Qf4 Bd5 17. Ng6+ Kd8 18.
Qxc7+ Kxc7 19. Nxh8 e5 20. bxc4 Be6 21. f4 Bf5 22. Nxf7 exf4 23. exf4 Ng4 24. Ng5 g6 25. h3 Ne3 26. Rf2 Bg7 27. Rxb2 Bxb2 28. Rb1 Bd4 29. Re1 Nc2+ 30. Kf1 Bd3+ 31. Re2 Ne3+ 32. Ke1 Bxe2 33. Kxe2 Nxg2 34. Ne6+ Kd6 35. Nxd4 cxd4 36. Kd3 Kc5 37.
Ke4 Nh4 38. Bb3 Nf5 39. a3 Nd6+ 40. Kd3 a5 41. Ba2 h6 42. h4 Nf5 43. h5 gxh5 44.
Ke4 Nd6+ 45. Ke5 a4 46. f5 d3 47. Bb1 d2 48. Bc2 Nxc4+ 49. Ke6 Ne3 50. Bxa4 Nd5 51. f6 Nxf6 52. Kxf6 h4 53. Kf5 h3 54. Kg4 h2 55. Bd1 h1=Q 0-1

[Event "Early-Titled-Tuesday-Blitz-March-12-2024"]
[Site "Chess.com"]
[Date "2024.03.12"]
[Round "5"]
[White "Happy1712Drummer"]
[Black "guillembaches"]
[Result "0-1"]
[WhiteElo "2368"]
[BlackElo "2543"]
[TimeControl "180+1"]
[EndTime "8:56:13 PDT"]
[Termination "guillembaches won on time"]

1. e4 d5 2. exd5 Qxd5 3. Nc3 Qa5 4. Bc4 Nf6 5. d3 a6 6. Bd2 Qe5+ 7. Nge2 b5 8. Bb3 Bb7 9. O-O e6 10. d4 Qd6 11.
Bf4 Qb6 12. d5 c5 13. dxc6 Qxc6 14. f3 Bc5+ 15. Kh1 Nbd7 16. Nd4 Qb6 17. Nde2 O-O 18. Qe1 Be3 19. Bxe3 Qxe3 20. Rd1 Rad8 21. Rd3 Qb6 22. Qf2 Qxf2 23. Rxf2 Nc5 24. Rxd8 Rxd8 25. Rf1 b4 26. Rd1 Rxd1+ 27. Nxd1 Nxb3 28. axb3 Nd5 29. Kg1 Kf8 30.
Kf2 Ke8 31. Ne3 Kd7 32. Nc4 f6 33. Ne3 Ne7 34. Nc1 Kc6 35. Nd3 Kb5 36. Ke2 a5 37.
Kd2 e5 38. Nc4 Bd5 39. Nd6+ Kc6 40. Ne8 Nf5 41. g4 Kd7 42. Nxf6+ gxf6 43. gxf5 Bxf3 44. Ke3 Bd1 45. c3 bxc3 46. bxc3 Kd6 47. b4 a4 48.
Nc1 Bc2 49. c4 Bxf5 50. Kd2 Be6 51. Kc3 f5 52. Nd3 f4 53. c5+ Kd5 54. b5 f3 55.
b6 Bc8 56. Kb4 e4 57. Nf4+ Kc6 0-1

[Event "Early-Titled-Tuesday-Blitz-March-12-2024"]
[Site "Chess.com"]
[Date "2024.03.12"]
[Round "5"]
[White "vovachesss"]
[Black "shimastream"]
[Result "0-1"]
[WhiteElo "2794"]
[BlackElo "2961"]
[TimeControl "180+1"]
[EndTime "8:56:16 PDT"]
[Termination "shimastream won by resignation"]

1. e4 e6 2. d4 d5 3. Nc3 Nf6 4.
Bg5 dxe4 5. Nxe4 Be7 6. Bxf6 gxf6 7. Nf3 f5 8. Nc3 a6 9. a4 Nc6 10. d5 Nb4 11. Bc4 c6 12. dxe6 Qxd1+ 13. Kxd1 Bxe6 14. Bxe6 fxe6 15. Re1 Kf7 16. Ne5+ Kg7 17. Ra3 Rhd8+ 18.
Kc1 Bf6 19. a5 Rd4 20. Nf3 Rd6 21. Na4 Nd5 22. Rb3 Re8 23. Rxb7+ Kg6 24. Nc5 e5 25. Nd7 e4 26. Nxf6 Nxf6 27. Nh4+ Kg5 28. g3 Rd5 29.
Rg7+ Kh6 30. Nxf5+ Rxf5 31. Rc7 Rc5 32. c3 Kg6 33.
Kc2 Kf5 34. Ra7 Rxa5 35. Rd1 Rd5 36. Ra1 Red8 37. R1xa6 Rd2+ 38. Kb3 Rb8+ 39. Kc4 Rxf2 40. Rxc6 Re8 41. Rf7 Re6 42. Rc5+ Kg6 43. Rfc7 e3 44.
h4 e2 45. Rg5+ Kh6 46. Rgg7 e1=Q 47. g4 Qe4+ 48. Kb3 Nxg4 49. Rgd7 Qc2+ 50. Kc4 Rf4+ 51. Kd5 Qe4+ 52. Kc5 Rf5+ 0-1

[Event "Early-Titled-Tuesday-Blitz-March-12-2024"]
[Site "Chess.com"]
[Date "2024.03.12"]
[Round "5"]
[White "ChelsieMonica"]
[Black "atbenina64"]
[Result "0-1"]
[WhiteElo "2540"]
[BlackElo "2737"]
[TimeControl "180+1"]
[EndTime "8:56:16 PDT"]
[Termination "atbenina64 won by checkmate"]

1. e4 c5 2. Nf3 d6 3. d4 cxd4 4. Nxd4 Nf6 5. Nc3 a6 6. Be3 e5 7. Nb3 Be6 8. h3 h5 9. Qd2 Nbd7 10. O-O-O Rc8 11. Kb1 Be7 12. Be2 b5 13. f3 h4 14. Nd5 Bxd5 15. exd5 Nb6 16. Bxb6 Qxb6 17. Rhe1 b4 18. Bf1 Nh5 19. Qe2 O-O 20. Qxa6 Qc7 21.
Qe2 Bg5 22. Qf2 Ra8 23. Re4 Qb7 24. Rxh4 Bxh4 25. Qxh4 Nf4 26. Bd3 g6 27. Nc1 Qxd5 28.
Qg3 Nxd3 29. Rxd3 Qc5 30. f4 Rfc8 31. Rd2 e4 32. Re2 Qf5 33. Qe3 d5 34. g4 Qf6 35.
f5 Re8 36. fxg6 fxg6 37. Nb3 Rf8 38. Nd4 Rae8 39. b3 Ra8 40. Qd2 Qa6 41. a4 bxa3 42. Ka2 Qf6 43. h4 Qxh4 44. Nb5 Qf6 45. Qxd5+ Kg7 46.
Nd4 Ra6 47. c3 Rd8 48. Qb7+ Kg8 49. Rxe4 Qf2+ 50. Re2 Qf6 51. Qb4 Rad6 52. Qc4+ Rd5 53. b4 Qf7 54. Kxa3 Ra5+ 55. Kb3 Ra3+ 56. Kxa3 Qxc4 57.
Kb2 Ra8 58. Rd2 Ra2+ 59. Kc1 Qxc3+ 60. Nc2 Ra1# 0-1

[Event "Early-Titled-Tuesday-Blitz-March-12-2024"]
[Site "Chess.com"]
[Date "2024.03.12"]
[Round "5"]
[White "MidnightFox"]
[Black "Iskusnyh"]
[Result "1-0"]
[WhiteElo "2511"]
[BlackElo "2662"]
[TimeControl "180+1"]
[EndTime "8:56:20 PDT"]
[Termination "MidnightFox won on time"]

1. d4 d5 2. c4 c6 3. Nf3 Nf6 4. Nc3 a6 5. e3 e6 6. Bd3 dxc4 7. Bxc4 b5 8. Bd3 c5 9. O-O Nbd7 10. Qe2 Bb7 11.
Rd1 Qc7 12. Bd2 c4 13. Bc2 Bd6 14. e4 e5 15. Be3 O-O 16. Rd2 Rfe8 17. Rad1 Bb4 18.
dxe5 Nxe5 19. Bf4 Nxf3+ 20. Qxf3 Qc6 21. Rd6 Bxc3 22. Rxc6 Bxc6 23. bxc3 Nxe4 24. Bxe4 Bxe4 25. Qg3 Re6 26. Bb8 h6 27. Qf4 Bd3 28. h4 a5 29.
Qc7 b4 30. Qb7 Raa6 31. cxb4 axb4 32. Bf4 Rab6 33. Qc8+ Kh7 34. Qf8 Rf6 35. Be3 Rb7 36.
h5 Re6 37. Bd4 f6 38. Qc8 Rbe7 39. Bc5 Re8 40. Qc7 Be2 41. Re1 Bxh5 42. Rxe6 Rxe6 43.
Bf8 Kg6 44. Qxg7+ Kf5 45. f3 Kf4 46. Qc7+ Ke3 47. Qxc4 Bf7 48. Bc5+ Kd2 49. Qxb4+ Kd3 50. Qb7 Bg8 51. Qd7+ Kc4 52. Bf2 1-0

[Event "Early-Titled-Tuesday-Blitz-March-12-2024"]
[Site "Chess.com"]
[Date "2024.03.12"]
[Round "5"]
[White "agvega14"]
[Black "IndianSchoolOfSuffering"]
[Result "0-1"]
[WhiteElo "2205"]
[BlackElo "2400"]
[TimeControl "180+1"]
[EndTime "8:56:20 PDT"]
[Termination "IndianSchoolOfSuffering won on time"]

1. e4 e5 2. Nf3 Nc6 3. Bb5 a6 4. Bxc6 dxc6 5. O-O f6 6. d4 exd4 7. Nxd4 c5 8. Nb3 Qxd1 9. Rxd1 Be6 10. Be3 b6 11.
Nc3 Bd6 12. Rd2 Ne7 13. Rad1 O-O-O 14. h3 Be5 15. f4 Bxc3 16. bxc3 f5 17. Rxd8+ Rxd8 18.
Rxd8+ Kxd8 19. e5 a5 20. Kf2 Kd7 21. Ke2 Kc6 22. Nc1 Kb5 23. Kd2 Ka4 24. Kd3 Nd5 25.
Bd2 b5 26. c4 Nb4+ 27. Kc3 Bxc4 28. Kb2 Nd5 29. g4 g6 30. Nb3 b4 31. Nxc5+ Kb5 32.
Nd7 a4 33. e6 a3+ 34. Kb1 Ne7 35. Nf6 h6 36. g5 h5 37. h4 Bxe6 38. Be3 c5 39. Ne8 Nd5 40. Bc1 Kc4 41. Nd6+ Kd4 42. Nb5+ Ke4 43. Nd6+ Kf3 44. Nb7 Nc3+ 45. Ka1 Nxa2 46.
Nxc5 Bc4 47. Bd2 Nc3 48. Bxc3 bxc3 49. Na4 Kxf4 50. Nxc3 Kg4 51. Nb1 Kxh4 52. Nxa3 Bd5 53. c4 Bc6 54. Kb2 f4 55. Kc3 f3 56. Nc2 f2 57. Ne3 Kxg5 58. Kd2 Kf4 59. Ke2 h4 60. Kxf2 g5 61. c5 g4 62. Kg1 Kxe3 0-1

[Event "Early-Titled-Tuesday-Blitz-March-12-2024"]
[Site "Chess.com"]
[Date "2024.03.12"]
[Round "5"]
[White "Shuvalov"]
[Black "Mikhail_Golubev"]
[Result "1/2-1/2"]
[WhiteElo "2527"]
[BlackElo "2701"]
[TimeControl "180+1"]
[EndTime "8:56:21 PDT"]
[Termination "Game drawn - insufficient material"]

1. d4 Nf6 2. c4 g6 3. Nc3 Bg7 4. e4 d6 5. Nf3 O-O 6. Be2 e5 7. O-O h6 8. Re1 Nbd7 9. Bf1 Re8 10. h3 exd4 11. Nxd4 Nc5 12. f3 Nh5 13. Nb3 Ne6 14.
Be3 Be5 15. Qd2 Nhf4 16. g3 Ng5 17. Kf2 Nfxh3+ 18. Bxh3 Bxh3 19. Rh1 Nxf3 20. Kxf3 Qf6+ 21. Ke2 Bg4+ 22. Kd3 Bf3 23. Rhf1 Bxc3 24. Qxc3 Bxe4+ 25. Kd2 Qxc3+ 26. Kxc3 Bg2 27. Rfe1 g5 28. c5 dxc5 29.
Bxc5 b6 30. Be7 c5 31. Rad1 Bh3 32. Bf6 Kh7 33. Nd2 Kg6 34. Be7 Rac8 35. Nc4 Be6 36. Nd6 Rxe7 37. Nxc8 Rc7 38. Nd6 a6 39. a4 b5 40. axb5 axb5 41. Nxb5 Rb7 42. Rxe6+ fxe6 43. Kc4 Rf7 44. Rd3 Rf5 45. Nd6 Re5 46. Nb7 Re2 47.
b3 Rc2+ 48. Rc3 Rxc3+ 49. Kxc3 h5 50. Nxc5 h4 51. gxh4 gxh4 52. Kd3 Kf5 53. Ke3 Ke5 54.
Nd3+ Kd5 55. Nf4+ Kc5 56. Kd3 e5 57. Nh3 Kb4 58. Kc2 e4 59. Ng1 e3 60. Kd3 Kxb3 61.
Kxe3 Kb2 62. Nh3 Kb3 63. Kf3 Kb4 64. Ke4 Kb5 65. Ke3 Kb6 66. Kd3 Ka6 67. Kd4 Kb6 68.
Kd5 Ka6 69. Ke5 Ka5 70. Kf4 Kb5 71. Kg4 Kb4 72. Kxh4 1/2-1/2

[Event "Early-Titled-Tuesday-Blitz-March-12-2024"]
[Site "Chess.com"]
[Date "2024.03.12"]
[Round "5"]
[White "javierfreilemartin"]
[Black "Kotofeyca"]
[Result "0-1"]
[WhiteElo "2251"]
[BlackElo "2442"]
[TimeControl "180+1"]
[EndTime "8:56:22 PDT"]
[Termination "Kotofeyca won on time"]

1. c4 c6 2. d4 d5 3. Nf3 Nf6 4. g3 Bf5 5. Nbd2 e6 6. Bg2 Nbd7 7. O-O Bd6 8. Qb3 Rb8 9. a4 O-O 10. a5 Ne4 11. Nxe4 Bxe4 12. Rd1 c5 13. Be3 cxd4 14. Bxd4 Bc5 15. Ne5 Bxd4 16. Nxd7 Qxd7 17. Bxe4 dxe4 18. e3 e5 19. c5 Rfd8 20. Qc2 Qc6 21. exd4 exd4 22. b4 d3 23. Qc4 a6 24. Rab1 Rd7 25.
b5 axb5 26. Rxb5 Rbd8 27. Rb6 Qd5 28. Qxd5 Rxd5 29. Rxb7 Rxc5 30. a6 Ra5 31. Re7 f5 32.
Rb1 Rxa6 33. Rbb7 Rg6 34. Kf1 d2 35. Rbd7 Rd6 36. Re8+ Rxe8 37. Rxd6 Ra8 38. Rxd2 Kf7 39. Kg2 Kf6 40. Rd6+ Ke5 41. Rd7 Rg8 42. Kf1 Ke6 43. Rd1 h5 44. Ke2 h4 45. h3 hxg3 46. fxg3 Ra8 47.
Ke3 g5 48. h4 Ra3+ 49. Kd4 gxh4 50. gxh4 Rh3 51. Ra1 Rxh4 52. Ra6+ Kf7 53. Ke5 Rh5 54. Rf6+ Kg7 55. Rc6 Rg5 56. Kf4 Rh5 57. Rc7+ Kf6 58. Rc6+ Ke7 59. Rc5 Kd6 60. Ra5 Rh3 61. Kxf5 Rh5+ 0-1

[Event "Early-Titled-Tuesday-Blitz-March-12-2024"]
[Site "Chess.com"]
[Date "2024.03.12"]
[Round "5"]
[White "manitodeplomo"]
[Black "Semen_Khanin"]
[Result "1/2-1/2"]
[WhiteElo "2732"]
[BlackElo "2889"]
[TimeControl "180+1"]
[EndTime "8:56:25 PDT"]
[Termination "Game drawn - insufficient material"]

1. d4 Nf6 2. c4 e6 3. Nf3 Bb4+ 4. Bd2 Bxd2+ 5. Qxd2 O-O 6. Nc3 d5 7. e3 Qe7 8. Be2 Rd8 9. O-O dxc4 10. Bxc4 c5 11.
Qe2 b6 12. Rad1 cxd4 13. exd4 Bb7 14. d5 b5 15. Bb3 Re8 16. d6 Qd8 17. Nxb5 Na6 18.
Ne5 Nd7 19. Nc7 Nxe5 20. Qxe5 Nxc7 21. dxc7 Qe7 22. Ba4 Rec8 23. Bd7 Rf8 24. Bb5 Qb4 25. a3 Qa5 26. f4 Rac8 27. Rc1 Qb6+ 28. Qc5 Qxc5+ 29.
Rxc5 f6 30. Bd7 Kf7 31. Re1 Bd5 32. f5 Ke7 33. fxe6 Kd6 34. Bxc8 Rxc8 35. Rc3 Bxe6 36.
Rd1+ Ke7 37. Rd8 Rxd8 38. cxd8=Q+ Kxd8 39. Rc5 Bc8 40. Ra5 a6 41. b4 Bb7 42. Rc5 Kd7 43.
g3 Kd6 44. h4 g6 45. Kf2 h6 46. g4 g5 47. hxg5 hxg5 48. Rf5 Ke6 49. Kg3 Bd5 50.
Rf2 Ke5 51. Rc2 Kd4 52. Rc5 Bc4 53. Rc6 Kc3 54. Rxf6 Kb3 55. Rf5 Kxa3 56. Rxg5 Kxb4 57. Rg7 a5 58. Rb7+ Kc3 59. g5 a4 60. g6 a3 61.
Ra7 Kb2 62. g7 a2 63. Kf4 a1=Q 64. Rxa1 Kxa1 65. Ke5 Ba2 66. Kd6 Kb2 67. Ke7 Kc3 68.
Kf8 Kd4 69. g8=Q Bxg8 1/2-1/2